 Dungeon Crawl Stone Soup version 0.29.1-15-g9cfb28693d (webtiles) character file.

Game seed: 4653228511155694863

25387 javelincjr the Envoy of Void (level 12, 0/97 HPs)
             Began as a Demonspawn Abyssal Knight on Mar 22, 2023.
             Was a High Priest of Lugonu.
             Succumbed to a meliai's poison
             ... on level 13 of the Dungeon.
             The game lasted 01:29:38 (21604 turns).

javelincjr the Envoy of Void (DsAK)                Turns: 21604, Time: 01:29:39

Health: 0/97       AC: 10    Str: 20    XL:     12   Next: 89%
Magic:  4/21       EV: 16    Int: 20    God:    Lugonu [*****.]
Gold:   1217       SH:  0    Dex: 18    Spells: 16/23 levels left

rFire   . . .      SeeInvis .   U - +7 Throatcutter {drain, coup de grace}
rCold   . . .      Faith    .   (no shield)
rNeg    . . .      Spirit   .   o - +0 troll leather armour
rPois   .          Reflect  .   Z - +0 helmet
rElec   .          Harm     .   l - scarf {+Inv}
rCorr   .          Rampage  .   (gloves unavailable)
Will    .....                   W - +2 pair of boots {Stlth+}
Stlth   ++........              S - amulet of regeneration
HPRegen 1.86/turn               x - ring of wizardry
MPRegen 0.17/turn               h - +6 ring of strength

@: lethally poisoned (0 -> -4), invisible
A: demonic guardian 1, big brain 3, corrupting presence 1, demonic touch 3,
agile 1, screaming 1
a: Renounce Religion, Evoke Invisibility, Depart the Abyss, Bend Space, Banish,
Corrupt, Enter the Abyss


You were on level 13 of the Dungeon.
You worshipped Lugonu.
Lugonu was extremely pleased with you.
You visited 2 branches of the dungeon, and saw 14 of its levels.
You visited the Abyss 2 times.
You also visited: Sewer, Ossuary and Gauntlet.

You collected 1217 gold pieces.

Inventory:

Hand Weapons
 f - the +8 flail "Fish" {flame, Int+5}
   (You found it on level 9 of the Dungeon)

   It burns those it strikes, dealing additional fire damage.
   Int:       It affects your intelligence (+5).
 g - the +9 whip of Hosch {flame, rPois rF+ Str+2}
   (You found it on level 12 of the Dungeon)

   It burns those it strikes, dealing additional fire damage.
   Str:       It affects your strength (+2).
   rF:        It protects you from fire.
   rPois:     It protects you from poison.
 L - the +6 falchion of Fiyzum {vorpal, rF+++ Will- Dex+5}
   (You took it off a kobold demonologist on level 11 of the Dungeon)

   It inflicts extra damage upon your enemies.
   Dex:       It affects your dexterity (+5).
   rF:        It renders you almost immune to fire.
   Will:      It decreases your willpower.
 U - the +7 Throatcutter (weapon) {drain, coup de grace}
   (You found it on level 7 of the Dungeon)

   A truly terrible weapon, it drains the life of any living foe it strikes.
   It may instantly kill foes which have little health.
Missiles
 d - 13 boomerangs (quivered)
 z - 4 curare-tipped darts
 J - 15 poisoned darts
 M - 2 javelins
 T - 5 atropa-tipped darts
Armour
 b - a +0 leather armour
 l - a scarf of invisibility (worn)
 o - a +0 troll leather armour (worn)
 s - a +3 plate armour of cold resistance
 Q - an orb of energy
 W - a +2 pair of boots of stealth (worn)
 Z - a +0 helmet (worn)
Jewellery
 h - a +6 ring of strength (right hand)
 x - a ring of wizardry (left hand)
 y - a +4 ring of protection
 S - an amulet of regeneration (around neck)
Wands
 j - a wand of digging (16)
 A - a wand of polymorph (9)
 K - a wand of iceblast (10)
 N - a wand of charming (7)
Scrolls
 a - 3 scrolls of enchant armour
 e - 6 scrolls of teleportation
 n - a scroll of summoning
 u - a scroll of identify
 w - a scroll of magic mapping
 B - 3 scrolls of fear
 G - 2 scrolls of amnesia
 I - 2 scrolls of poison
Potions
 c - 5 potions of flight
 i - 11 potions of curing
 k - 2 potions of cancellation
 m - 4 potions of magic
 p - a potion of ambrosia {unknown}
 q - a potion of berserk rage {unknown}
 r - 3 potions of brilliance
 t - 4 potions of haste
 D - a potion of mutation
 P - 3 potions of resistance
 R - 2 potions of lignification {unknown}
 X - 2 potions of might {unknown}
Miscellaneous
 E - a phantom mirror


   Skills:
 * Level 9.8 Fighting
 + Level 4.7 Long Blades
 - Level 6.5 Axes
 + Level 8.3 Armour
 + Level 8.2 Dodging
 + Level 6.3 Spellcasting
 + Level 6.4 Translocations
 - Level 11.2 Invocations
 + Level 1.9 Evocations


You had 16 spell levels left.
You knew the following spells:

 Your Spells              Type           Power      Damage    Failure   Level
a - Static Discharge      Conj/Air       6%         3-4/arc   5%          2
b - Manifold Assault      Tloc           31%        N/A       7%          5

Your spell library contained the following spells:

 Spells                   Type           Power      Damage    Failure   Level
 Blink                    Tloc           62%        N/A       1%          2
 Beastly Appendage        Tmut           12%        N/A       3%          1
 Freeze                   Ice            24%        1d5       3%          1
 Necrotise                Necr           24%        1d5       3%          1
 Sandblast                Erth           12%        2d6       3%          1
 Sting                    Tmut/Pois      24%        1d4       3%          1
 Ensorcelled Hibernation  Hex/Ice        12%        N/A       5%          2
 Passwall                 Tmut/Erth      5%         N/A       5%          2
 Poisonous Vapours        Pois/Air       12%        N/A       5%          2
 Wereblood                Tmut           6%         N/A       5%          2
 Spider Form              Tmut/Pois      6%         N/A       10%         3
 Stone Arrow              Conj/Erth      12%        3d7       10%         3
 Vampiric Draining        Necr           6%         2d6       10%         3
 Anguish                  Hex/Necr       3%         N/A       28%         4
 Animate Armour           Summ/Erth      12%        N/A       28%         4
 Dispel Undead            Necr           6%         3d8       28%         4
 Olgreb's Toxic Radiance  Pois           6%         N/A       28%         4
 Sticky Flame             Conj/Fire      6%         2d3       28%         4
 Summon Ice Beast         Ice/Summ       6%         N/A       28%         4
 Agony                    Necr           6%         N/A       58%         5
 Ozocubu's Refrigeration  Ice            3%         4d8       100%        7
 Storm Form               Tmut/Air       3%         N/A       100%        7
 Lehudib's Crystal Spear  Conj/Erth      3%         10d2      100%        8


Dungeon Overview and Level Annotations

Branches:
Dungeon (13/15)            Temple (1/1) D:7            Lair (0/5) D:8
    Orc (0/2) D:12          Sewer (visited)         Ossuary (visited)
Gauntlet (visited)
 Vaults: D:13-14

Altars:
Ashenzari
Cheibriados
Dithmenos
Fedhas
Gozag
Hepliaklqana
Kikubaaqudgha
Makhleb
Nemelex Xobeh
Okawaru
Qazlal
Ru
Sif Muna
Trog
Uskayaw
Vehumet
Wu Jian
Xom
Yredelemnul
Lugonu

Shops:
D:5 [   D:11 ?

Annotations:
D:9 Joseph
D:13 Kirke


Innate Abilities, Weirdness & Mutations

A weak demonic guardian rushes to your aid.
You have an absolutely massive brain. (Int +6, Wiz)
Your presence sometimes corrodes those you injure.
Your touch may irresistibly damage your foes and sap their willpower.
You are agile. (Dex +4, Str/Int -1)
You occasionally shout uncontrollably at your foes.


Message History

The meliai hits you with a +0 hand axe.
The meliai stings you but does no damage.
The meliai hits you with a +0 hand axe!
The meliai hits your quasit with a +0 hand axe.
The meliai stings you.
You are poisoned.
The meliai poisons you! The meliai hits you with a +0 hand axe!
The meliai barely misses you.
The meliai invokes the aid of its god against you.
Something smites you!
Your quasit closely misses the meliai.
Your quasit misses the meliai.
Your quasit claws the meliai but does no damage.
The meliai hits you with a +0 hand axe.
The meliai stings you but does no damage.
The meliai hits you with a +0 hand axe! The meliai barely misses your quasit.
The meliai stings you but does no damage.
The meliai attacks as you move away! The meliai hits you with a +0 hand axe!
* * * LOW HITPOINT WARNING * * *
The meliai hits your quasit with a +0 hand axe.
The meliai misses you.
You feel very sick.
Your quasit bites the meliai but does no damage.
Your quasit misses the meliai.
Your quasit completely misses the meliai.
The meliai hits you but does no damage.
The meliai stings you but does no damage.
Found 17 gold pieces.
You feel very sick.
Your quasit bites the meliai but does no damage.
Your quasit barely misses the meliai.
Your quasit claws the meliai but does no damage.
The meliai misses you.
The meliai stings you but does no damage.
The meliai hits you with a +0 hand axe!
* * * LOW HITPOINT WARNING * * *
The meliai misses your quasit. The meliai misses you.
Okay, then.
Okay, then.
You fade into invisibility!
You die...

.# #...# #..# .# #...#
#..# .######
####...########## #..#
...............^..........
....
..........................
....
..........................
.....
##########......†5........
#......yy.....@..
#......@yu.......
#..#.....#.......
######.######.... . #'
#... # .. #.. ... .. ..⌠.
...$


You could see Kirke, a brown ugly thing (unable to see you), 3 meliai and a
friendly quasit (summoned).

Vanquished Creatures
  A two-headed ogre (D:11)
  A centaur warrior (D:13)
  Nergalle (D:12)
  A phantasmal warrior (D:11)
  3 ugly things
  2 manticores
  A cyclops (D:13)
  A moth of wrath (Gauntlet)
  An unseen horror (D:12)
  10 kobold demonologists
  A komodo dragon (D:8)
  2 trolls
  A raiju (Gauntlet)
  A blink frog (shapeshifter) (D:13)
  6 slime creatures (D:12)
  2 wraiths (D:12)
  21 yaks
  3 shadows
  3 wyverns
  4 hogs (D:13)
  A steam dragon (Gauntlet)
  7 vampire mosquitoes
  Menkaure (D:7)
  4 acid dragons
  6 orc warriors
  An ice beast (D:7)
  3 black bears
  2 sky beasts
  6 wolves (Gauntlet)
  A boggart (Gauntlet)
  A centaur (shapeshifter) (D:13)
  6 centaurs
  3 phantoms
  5 bullfrogs
  3 gnoll sergeants
  5 kobold brigands
  A necrophage (D:5)
  4 scorpions
  7 water moccasin zombies (Ossuary)
  9 wights
  4 killer bees (D:9)
  3 jellies
  9 howler monkeys
  3 electric eels (D:11)
  4 hounds
  13 orc priests
  A gnoll bouda (D:9)
  4 iguanas
  9 orc wizards
  Natasha (D:2)
  6 ogre zombies (D:12)
  2 mummies (Ossuary)
  20 gnolls
  14 adders
  5 river rats
  3 shadow imps
  A white imp (D:7)
  2 ufetubi
  6 adder zombies (Ossuary)
  2 worms
  5 dart slugs
  55 orcs
  10 ball pythons
  3 endoplasms
  4 giant cockroaches
  8 goblins
  5 hobgoblins
  7 jackals
  3 quokkas
  4 bats
  8 frilled lizards
  2 gnoll zombies (Ossuary)
  A goblin skeleton (D:12)
  6 goblin zombies
  2 hobgoblin skeletons (D:12)
  4 hobgoblin zombies (Ossuary)
  15 kobolds
  8 kobold zombies (Ossuary)
  3 orc skeletons (D:12)
  12 orc zombies
  10 rats
  A rat zombie (D:8)
430 creatures vanquished.

Vanquished Creatures (collateral kills)
  A manticore (D:13)
  A yak (D:5)
  An ice beast (D:5)
  A boggart (Gauntlet)
  A gnoll bouda (D:6)
  An orc wizard (D:10)
  An orc (D:12)
7 creatures vanquished.

Vanquished Creatures (others)
  A quicksilver ooze (Gauntlet)
  An entropy weaver (Gauntlet)
  A soul eater (Gauntlet)
  A jumping spider (Gauntlet)
  A shadow imp (Gauntlet)
  7 demonic plants (D:11)
  13 fungi (D:8)
  19 plants
  2 starspawn tentacles (Gauntlet)
46 creatures vanquished.

Grand Total: 483 creatures vanquished

Notes
Turn   | Place    | Note
-------+----------+-------------------------------------------
     0 | Abyss:1  | javelincjr the Demonspawn Abyssal Knight began the quest
                  | for the Orb.
     0 | Abyss:1  | Reached XP level 1. HP: 18/18 MP: 2/2
    86 | Abyss:1  | Noticed a small abomination
   128 | Abyss:1  | Noticed a thrashing horror
   149 | Abyss:1  | Noticed an apocalypse crab
   172 | Abyss:1  | Noticed a large abomination
   177 | Abyss:1  | Noticed a starcursed mass
   191 | D:1      | Escaped the Abyss
   558 | D:1      | Reached skill level 1 in Dodging
   558 | D:1      | Reached ** piety under Lugonu
   678 | D:1      | Gained mutation: A weak demonic guardian rushes to your
                  | aid. [demonic ancestry]
   678 | D:1      | Reached XP level 2. HP: 21/24 MP: 4/4
  1418 | D:2      | Gained mutation: You have an unusually large brain. (Int
                  | +2) [demonic ancestry]
  1418 | D:2      | Reached XP level 3. HP: 15/29 MP: 5/5
  1426 | D:2      | Reached skill level 3 in Invocations
  1915 | D:2      | Noticed Natasha
  1923 | D:2      | Killed Natasha
  1940 | D:2      | Gained mutation: Your touch may inflict minor irresistible
                  | damage on your foes. [demonic ancestry]
  1940 | D:2      | Reached XP level 4. HP: 35/35 MP: 6/6
  2371 | D:3      | Reached XP level 5. HP: 38/41 MP: 7/7
  2467 | D:3      | Found a faded altar of an unknown god.
  2491 | D:3      | Reached skill level 4 in Invocations
  2500 | D:3      | HP: 2/42 [poisoned by a scorpion]
  3428 | D:4      | Gained mutation: You have an extremely huge brain. (Int +4)
                  | [demonic ancestry]
  3428 | D:4      | Reached XP level 6. HP: 33/48 MP: 9/9
  3635 | D:4      | Found a shimmering altar of Xom.
  3693 | D:4      | Reached *** piety under Lugonu
  4144 | D:4      | Noticed an angel
  4688 | D:5      | Entered Level 5 of the Dungeon
  4693 | D:5      | Found a bloodstained altar of Trog.
  4748 | D:5      | Gained mutation: Your touch may inflict irresistible damage
                  | on your foes. [demonic ancestry]
  4748 | D:5      | Reached XP level 7. HP: 53/55 MP: 10/10
  4762 | D:5      | Found a glowing drain.
  4807 | D:5      | Learned a level 2 spell: Static Discharge
  4812 | Sewer    | Entered a sewer
  5025 | Sewer    | Reached skill level 5 in Invocations
  5275 | Sewer    | Reached **** piety under Lugonu
  5375 | D:5      | Found an ancient bone altar of Kikubaaqudgha.
  5440 | D:5      | Found a shimmering blue altar of Sif Muna.
  5588 | D:5      | Reached skill level 5 in Fighting
  5597 | D:5      | Gained mutation: Your touch may irresistibly damage your
                  | foes and sap their willpower. [demonic ancestry]
  5597 | D:5      | Reached XP level 8. HP: 15/62 MP: 12/12
  5792 | D:5      | Reached skill level 6 in Invocations
  6323 | D:5      | Found a broken altar of Ashenzari.
  6655 | D:5      | Found Venera's Dragon-Slaying Spoils.
  6919 | D:5      | Found a burning altar of Makhleb.
  7056 | D:6      | Reached skill level 7 in Invocations
  7183 | D:6      | Reached skill level 5 in Axes
  7383 | D:6      | Reached skill level 5 in Armour
  7540 | D:6      | Gained mutation: You have an absolutely massive brain. (Int
                  | +6, Wiz) [demonic ancestry]
  7540 | D:6      | Reached XP level 9. HP: 19/69 MP: 14/14
  7782 | D:5      | Learned a level 5 spell: Manifold Assault
  8085 | D:7      | Noticed Menkaure
  8088 | D:7      | HP: 1/60 [orc priest/divine providence (7)]
  8466 | D:6      | Reached skill level 1 in Translocations
  8610 | D:6      | Reached skill level 5 in Dodging
  8708 | D:6      | Reached skill level 1 in Spellcasting
  9392 | D:6      | Reached skill level 8 in Invocations
  9751 | D:7      | Killed Menkaure
  9918 | D:7      | Reached ***** piety under Lugonu
 10259 | D:7      | Reached XP level 10. HP: 63/77 MP: 16/16
 10450 | D:7      | Found the +7 Throatcutter {drain, coup de grace}
 10459 | D:7      | Noticed a sixfirhy
 10477 | D:8      | Found a snail-covered altar of Cheibriados.
 10652 | D:8      | Found a sand-covered staircase.
 10666 | Ossuary  | Entered an ossuary
 11014 | Ossuary  | Gained mutation: You are agile. (Dex +4, Str/Int -1)
                  | [potion of mutation]
 11463 | D:8      | Found a staircase to the Lair.
 11669 | D:7      | Gained mutation: You occasionally shout uncontrollably at
                  | your foes. [a neqoxec]
 11670 | D:7      | Noticed a soul eater
 11671 | D:7      | Noticed a smoke demon
 11677 | D:7      | Reached skill level 9 in Invocations
 11692 | D:7      | Noticed a sixfirhy
 12127 | D:7      | Noticed a rust devil
 12467 | D:7      | Found a staircase to the Ecumenical Temple.
 12497 | Temple   | Entered the Ecumenical Temple
 13279 | D:9      | Gained mutation: Your presence sometimes corrodes those you
                  | injure. [demonic ancestry]
 13279 | D:9      | Reached XP level 11. HP: 59/85 MP: 18/18
 13340 | D:9      | Noticed Joseph
 13701 | D:8      | Reached skill level 1 in Long Blades
 14822 | D:9      | Identified the +8 flail "Fish" {flame, Int+5}
 15123 | D:9      | Reached ****** piety under Lugonu
 15406 | D:10     | Entered Level 10 of the Dungeon
 15616 | D:10     | Reached skill level 10 in Invocations
 16655 | D:11     | Found Zorgh's Magic Scroll Shop.
 16746 | D:11     | Found a gate leading to a gauntlet.
 16754 | Gauntlet | Entered a Gauntlet
 16754 | Gauntlet | Found a transporter.
 16754 | Gauntlet | Found a transporter.
 16923 | Gauntlet | Found a transporter.
 16925 | Gauntlet | Found a transporter.
 16939 | Gauntlet | Found a transporter.
 16942 | Gauntlet | Found a transporter.
 16949 | Gauntlet | Noticed a quicksilver ooze
 16950 | Gauntlet | Found a transporter.
 16968 | Gauntlet | Found a transporter.
 16972 | Gauntlet | Found a transporter.
 16975 | Gauntlet | Found a transporter.
 16977 | Gauntlet | Noticed a soul eater
 16985 | Gauntlet | Found a transporter.
 16988 | Gauntlet | Found a transporter.
 17061 | Gauntlet | Noticed an entropy weaver
 17073 | Gauntlet | Corrupted Gauntlet
 17073 | Gauntlet | Noticed a sun demon
 17073 | Gauntlet | Noticed a dread lich
 17074 | Gauntlet | Noticed a tentacled starspawn
 17075 | Gauntlet | Killed a quicksilver ooze
 17076 | Gauntlet | Killed an entropy weaver
 17099 | Gauntlet | Noticed a starcursed mass
 17110 | Gauntlet | Killed a soul eater
 17342 | Gauntlet | Reached skill level 5 in Translocations
 17370 | Gauntlet | Got Rurchialo's Cyclopedia of Hypothermia
 17604 | Gauntlet | Reached skill level 5 in Spellcasting
 17839 | Gauntlet | Noticed a wolf spider
 17839 | Gauntlet | Noticed a wizard
 17852 | Gauntlet | Noticed a wolf spider
 17854 | Abyss:2  | Cast into level 2 of the Abyss (a wizard)
 17942 | Abyss:2  | HP: 4/87 [titan simulacrum (28)]
 17943 | Gauntlet | Escaped the Abyss
 18289 | Gauntlet | Identified a scroll of acquirement
 18289 | Gauntlet | Acquired an amulet of regeneration
 18331 | Gauntlet | Noticed a wolf spider
 18332 | Gauntlet | Noticed a tengu warrior
 18335 | Gauntlet | Noticed a tengu warrior
 18348 | Gauntlet | Noticed a wolf spider
 18348 | Gauntlet | Noticed a wolf spider
 18490 | Gauntlet | Identified the ring "Irghakouff" {rPois rF+ Will+ Int+6
                  | Stlth-}
 18490 | Gauntlet | Noticed a minotaur
 18691 | D:11     | Noticed a two-headed ogre
 18698 | D:11     | Killed a two-headed ogre
 18834 | D:11     | Noticed a phantasmal warrior
 19078 | D:11     | Found a corrupted altar of Lugonu.
 19093 | D:11     | Reached XP level 12. HP: 86/94 MP: 19/19
 19136 | D:11     | Identified the +6 falchion of Fiyzum {vorpal, rF+++ Will-
                  | Dex+5}
 19472 | D:12     | Identified the +9 whip of Hosch {flame, rPois rF+ Str+2}
 19548 | D:12     | Reached skill level 11 in Invocations
 19724 | D:12     | Noticed Nergalle
 19741 | D:12     | Killed Nergalle
 19835 | D:12     | Found a staircase to the Orcish Mines.
 20024 | D:12     | Found a burning altar of Makhleb.
 20995 | D:13     | Noticed a centaur warrior
 21002 | D:13     | Killed a centaur warrior
 21114 | D:13     | Noticed a death knight
 21122 | D:13     | Reached skill level 1 in Evocations
 21370 | D:13     | Noticed Kirke
 21571 | D:13     | Banished a death knight
 21603 | D:13     | HP: 2/97 [meliai/+0 hand axe (14)]
 21604 | D:13     | Succumbed to a meliai's poison

Illustrated notes

Levels and vault maps discovered:
D:1:      dpeg_arrival_snail, layout_loops_ring
D:2:      layout_basic, uniq_natasha
D:3:      layout_loops_ring, hellmonk_ecumenical_altar_inner_sanctum,
          hangedman_decor_riveting, nrook_uturn
D:4:      layout_cave_pods, zin_angel, tgw_xom
D:5:      minmay_polygon_palace, layout_cave_pods,
          mainiacjoe_overflow_surrounded_room, trog_three_pillars_becter,
          general_overflow_altar, mainiacjoe_overflow_big_doors,
          cheibrodos_sewer_entry_sluice, nicolae_shop_dragon_depot
D:6:      layout_basic
D:7:      layout_cave_pools, minmay_temple_entry_tees,
          dilly_guarded_unrand_throatcut, uniq_menkaure
D:8:      layout_loops_cross, amcnicky_altar_gilded,
          grunt_lair_entry_orc_guard_hut, enter_ossuary_4
D:9:      layout_stronghold, mainiacjoe_overflow_alcove_4,
          kennysheep_generic_room_7, uniq_joseph
D:10:     layout_roguey
D:11:     kennysheep_kobold_lugonu_temple, layout_irregular_city,
          gauntlet_entry_generic, serial_shops, nicolae_shop_window_shopping,
          kennysheep_island_fort
D:12:     layout_irregular_city, zombieorc1_lemuel, david_defended_altar_orc,
          uniq_nergalle
D:13:     kennysheep_ambush_hall, layout_long_grid, uniq_kirke
Temple:   dshaligram_water_room_temple

Skill      XL: |  1  2  3  4  5  6  7  8  9 10 11 12 |
---------------+-------------------------------------+-----
Dodging        | 1 2 3 4 5 6 7 8 |  8.2
Axes           | 2 3 4 5 6 |  6.5
Armour         | 2 3 4 5 6 7 8 |  8.3
Invocations    | 3 4 5 7 8 9 10 11 | 11.2
Fighting       | 4 5 6 7 8 9 |  9.8
Translocations | 2 4 5 6 |  6.4
Spellcasting   | 2 3 5 6 |  6.3
Long Blades    | 3 4 |  4.7
Evocations     | 1 |  1.9

Action                   |  1- 3 |  4- 6 |  7- 9 | 10-12 || total
-------------------------+-------+-------+-------+-------++-------
Melee: Hand axe          |    85 |   159 |   364 |   214 ||   822
       Punch             |     1 |       |     2 |     7 ||    10
       Touch             |       |    25 |    79 |   141 ||   245
       Long sword        |       |       |       |   484 ||   484
Throw: Boomerang         |     2 |     7 |    36 |    24 ||    69
       Javelin           |       |       |     2 |       ||     2
 Cast: Static Discharge  |       |       |     1 |       ||     1
       Manifold Assault  |       |       |       |    18 ||    18
Invok: Depart the Abyss  |     1 |       |       |     1 ||     2
       Bend Space        |       |       |     3 |     3 ||     6
       Banish            |       |       |       |     5 ||     5
       Corrupt           |       |       |       |     1 ||     1
  Use: Scroll            |       |     1 |    13 |    13 ||    27
       Potion            |       |       |     5 |     8 ||    13
 Stab: Distracted        |       |     1 |       |     3 ||     4
Armor: Leather armour    |    16 |       |       |       ||    16
       Plate armour      |     5 |    79 |   228 |   587 ||   899
       Troll leather arm |       |       |       |    31 ||    31
Dodge: Dodged            |    60 |    92 |   246 |   592 ||   990
